 Dungeon Crawl Stone Soup version 0.18.1-47-g9310371 (webtiles) character file.

30 Renko1984 the Skirmisher (level 3, -3/24 HPs)
             Began as a Tengu Abyssal Knight on June 14, 2016.
             Was a Believer of Lugonu.
             Slain by Terence
             ... wielding a +1 mace of protection
              (4 damage)
             ... on level 2 of the Dungeon.
             The game lasted 00:08:17 (1780 turns).

Renko1984 the Skirmisher (Tengu Abyssal Knight)     Turns: 1780, Time: 00:08:18

Health: -3/24      AC:  2    Str: 13    XL:     3   Next: 20%
Magic:  14/14      EV: 12    Int: 12    God:    Lugonu [**....]
Gold:   93         SH:  0    Dex: 13    Spells: 0 memorised, 2 levels left

rFire  . . .     SeeInvis .     a - +1 spear
rCold  . . .     Gourm    .     h - +0 robe (curse)
rNeg   . . .     Faith    .     (no shield)
rPois  .         Spirit   .     (helmet restricted)
rElec  .         Dismiss  .     (no cloak)
rCorr  .         Reflect  .     (no gloves)
SustAt .         Harm     .     (boots unavailable)
MR     .....                    (no amulet)
Stlth  +.........               (no ring)
                                i - ring of magical power

@: not resistant to hostile enchantments, very unstealthy
A: beak, talons 3
a: Depart the Abyss, Bend Space, Renounce Religion


You were on level 2 of the Dungeon.
You worshipped Lugonu.
Lugonu was pleased with you.
You were not hungry.

You visited 1 branch of the dungeon, and saw 2 of its levels.
You visited the Abyss 1 time.

You collected 93 gold pieces.

Inventory:

Hand Weapons
 a - a +1 spear (weapon)
Armour
 b - a +0 leather armour
 h - a cursed +0 robe (worn)
Jewellery
 f - an uncursed ring of magical power
 i - a ring of magical power (left hand)
Scrolls
 g - a scroll of teleportation {unknown}
Potions
 d - a potion of heal wounds {unknown}
 e - 2 potions of agility {unknown}
 j - a potion of degeneration {unknown}
Comestibles
 c - a bread ration


   Skills:
 + Level 3.7 Fighting
 + Level 2.3 Polearms
 + Level 2.2 Armour
 + Level 1.8 Dodging
 + Level 0.2 Stealth
 + Level 1.7 Invocations


You had 2 spell levels left.
You didn't know any spells.

Dungeon Overview and Level Annotations

Branches:
Dungeon (2/15)

Altars:
Kikubaaqudgha
Xom

Annotations:
D:2 Terence


Innate Abilities, Weirdness & Mutations

You have a beak for a mouth.
You have claws for feet.


Message History

You closely miss Terence. You claw Terence, but do no damage.
Terence is moderately wounded.
Terence closely misses you.
You closely miss Terence. Your kick misses Terence.
Terence is moderately wounded.
Terence hits you with a mace of protection.
You barely miss Terence. Your kick misses Terence.
Terence is moderately wounded.
You barely miss Terence.
Terence is moderately wounded.
Terence says, "How do you enjoy it?" Terence barely misses you.
You closely miss Terence. You peck Terence, but do no damage.
Terence is moderately wounded.
Terence hits you with a mace of protection!
* * * LOW HITPOINT WARNING * * *
You barely miss Terence. You claw Terence, but do no damage.
Terence is moderately wounded.
Terence hits you with a mace of protection.
You die...

#........
#........
#........
#..†#####
#...# #...# #
###########.##
#
#...........#
#
#@###########
# #@# # #.# #
#.# # ..# #
..# # ...#
...# ..(.#


You could see Terence.

Vanquished Creatures
  A worm (D:2)
  A dart slug (D:1)
  A giant gecko (D:1)
  2 giant cockroaches
  4 goblins
  3 hobgoblins (D:1)
  3 kobolds (D:1)
  3 bats (D:1)
  3 giant newts (D:1)
  4 rats (D:1)
25 creatures vanquished.

Notes
Turn   | Place    | Note
--------------------------------------------------------------
     0 | Abyss:1  | Renko1984 the Tengu Abyssal Knight began the quest for the Orb.
     0 | Abyss:1  | Reached XP level 1. HP: 14/14 MP: 3/3
    59 | Abyss:2  | Found a roughly hewn altar of Beogh.
    66 | D:1      | Escaped the Abyss
   501 | D:1      | Reached XP level 2. HP: 17/19 MP: 4/4
   829 | D:1      | Found an ancient bone altar of Kikubaaqudgha.
   987 | D:1      | Reached ** piety under Lugonu
  1314 | D:1      | Reached XP level 3. HP: 19/24 MP: 5/5
  1559 | D:2      | Found a shimmering altar of Xom.
  1758 | D:2      | Noticed Terence
  1779 | D:2      | HP: 1/24 [Terence/mace of protection (10)]
  1780 | D:2      | Slain by Terence

Action                   || total
-------------------------++-------
Melee: Spear             ||    88
       Kick              ||    20
       Peck              ||    18
  Eat: Bread ration      ||     1
Armor: Leather armour    ||     7
       Robe              ||     6
Dodge: Dodged            ||    59
